Map: Deathaura LE

Players

PtitDrogo - Winner!

  • Race: Protoss Protoss
  • League: Grandmaster
  • Spawn Location: 11:00

GOStephano (Stephano)

  • Race: Zerg Zerg
  • League: Grandmaster
  • Spawn Location: 5:00

Event: DreamHack SC2 Masters 2020 Fall

VOD

Have the link to the VOD?

Description

Time

  • Played on: Sept. 1, 2020, 11:48 a.m.
  • Length: 10:04

All games in this series

Show
View Real Time Build Order
Export as new Build Order

PtitDrogo Protoss - Winner!

Build Orders: 1 Gate Expand, Oracle Opening, Zealot Archon 

Get SALT Encoding   

  12  0:00  Probe  
  13  0:12  Probe  
  14  0:17  Pylon  
  14  0:24  Probe (Chrono Boost)  
  14  0:27  Assimilator  
  15  0:36  Probe (Chrono Boost)  
  16  0:45  Probe (Chrono Boost)  
  16  0:48  Gateway  
  17  0:51  Probe  
  18  1:03  Probe  
  19  1:15  Probe  
  20  1:21  Nexus  
  20  1:35  Cybernetics Core  
  20  1:37  Probe  
  21  1:40  Assimilator  
  21  1:49  Probe  
  21  1:51  Pylon  
  22  2:01  Probe  
  22  2:08  Adept (Chrono Boost)  
  23  2:11  Warp Gate  
  23  2:13  Probe  
  26  2:21  Stargate  
  26  2:27  Probe (Chrono Boost)  
  26  2:28  Adept (Chrono Boost)  
  27  2:34  Probe (Chrono Boost)  
  30  2:43  Probe x2 (Chrono Boost)  
  32  2:48  Probe (Chrono Boost)  
  32  2:50  Probe  
  34  2:52  Stalker  
  36  3:00  Probe  
  36  3:02  Oracle (Chrono Boost), Probe  
  41  3:10  Pylon  
  41  3:12  Probe  
  42  3:14  Probe  
  43  3:21  Gateway  
  43  3:24  Probe  
  43  3:26  Probe  
  45  3:32  Oracle (Chrono Boost)  
  45  3:36  Probe  
  45  3:38  Probe  
  50  3:45  Pylon  
  50  3:48  Probe  
  50  3:50  Nexus  
  50  3:52  Probe  
  52  3:57  Void Ray (Chrono Boost)  
  52  4:00  Probe  
  53  4:07  Assimilator  
  53  4:09  Assimilator  
  57  4:13  Shield Battery  
  57  4:17  Robotics Facility  
  57  4:19  Probe (Chrono Boost)  
  57  4:21  Pylon  
  57  4:23  Probe (Chrono Boost)  
  61  4:31  Probe (Chrono Boost)  
  61  4:33  Twilight Council  
  61  4:34  Probe (Chrono Boost)  
  61  4:35  Forge  
  61  4:36  Probe (Chrono Boost)  
  62  4:41  Pylon  
  62  4:43  Probe  
  63  4:47  Probe  
  63  4:51  Gateway  
  63  4:52  Gateway  
  64  4:55  Sentry  
  64  4:58  Zealot, Probe (Chrono Boost)  
  69  5:02  Probe x2 (Chrono Boost)  
  69  5:07  Observer  
  72  5:12  Protoss Ground Weapons Level 1 (Chrono Boost), Probe (Chrono Boost)  
  72  5:13  Probe x2 (Chrono Boost), Charge  
  76  5:22  Probe (Chrono Boost)  
  76  5:26  Probe (Chrono Boost)  
  78  5:32  Probe (Chrono Boost)  
  79  5:36  Probe (Chrono Boost)  
  79  5:37  Probe (Chrono Boost)  
  79  5:38  Assimilator x2  
  79  5:40  Templar Archives, Probe (Chrono Boost)  
  81  5:43  Probe  
  81  5:44  Probe  
  81  5:46  Pylon  
  81  5:47  Immortal  
  87  5:50  Probe  
  87  5:51  Gateway  
  87  5:54  Pylon  
  87  5:55  Gateway  
  88  5:59  Probe x2  
  88  6:03  Gateway  
  90  6:05  Gateway  
  90  6:06  Probe  
  90  6:07  Pylon  
  90  6:09  Psionic Storm  
  90  6:21  High Templar x2  
  94  6:26  Zealot x2  
  94  6:29  Photon Cannon  
  94  6:31  Gateway  
  98  6:33  Pylon  
  98  6:35  Nexus  
  98  6:46  High Templar x2  
  102  6:51  Probe x2  
  104  6:56  Warp Prism (Chrono Boost)  
  106  7:02  Probe  
  106  7:04  Probe x2  
  106  7:08  High Templar x2, Pylon  
  110  7:09  Zealot x4  
  110  7:10  Pylon  
  118  7:17  Probe  
  118  7:18  Photon Cannon  
  118  7:20  Shield Battery  
  118  7:22  Probe  
  120  7:27  Protoss Ground Weapons Level 2 (Chrono Boost)  
  120  7:30  Gateway  
  120  7:31  Gateway  
  120  7:33  Probe  
  120  7:35  Pylon  
  121  7:39  Probe x2  
  123  7:45  High Templar x3  
  123  7:46  Assimilator x2, Zealot x4, High Templar, Probe  
  140  7:51  Probe, Archon x2  
  140  7:52  Immortal (Chrono Boost)  
  140  7:55  Gateway  
  140  7:57  Probe  
  146  8:06  Zealot x4  
  146  8:10  Pylon x2  
  146  8:12  Pylon  
  154  8:27  Immortal (Chrono Boost), Probe  
  155  8:28  Pylon  
  155  8:34  Pylon  
  157  8:47  Robotics Facility  
  157  8:48  Zealot x5  
  157  8:54  Observer (Chrono Boost)  
  157  8:55  High Templar x6  
  176  8:59  Archon x3  
  180  9:19  Zealot x5  
  167  9:31  Zealot x5  
  163  9:40  Zealot x2  
  163  9:41  Zealot x4  
Show
View Real Time Build Order
Export as new Build Order

GOStephano Zerg 

Build Orders: Hatch First, Lurkers 

Get SALT Encoding   

  12  0:00  Drone  
  13  0:12  Overlord  
  13  0:17  Drone  
  14  0:30  Drone x2  
  16  0:47  Hatchery  
  15  0:50  Drone  
  15  0:53  Drone  
  18  0:57  Drone  
  18  1:08  Extractor  
  17  1:12  Spawning Pool  
  17  1:15  Drone  
  17  1:18  Drone  
  18  1:27  Drone  
  19  1:38  Drone  
  20  1:49  Drone  
  21  1:58  Queen x2  
  21  1:59  Zergling x2  
  21  2:00  Drone  
  27  2:09  Drone  
  27  2:10  Overlord  
  28  2:22  Metabolic Boost  
  28  2:27  Hatchery  
  28  2:28  Drone  
  28  2:30  Drone  
  28  2:32  Drone  
  30  2:38  Queen  
  30  2:41  Drone  
  33  2:45  Overlord  
  33  2:48  Zergling x2  
  34  2:54  Drone x2  
  36  3:05  Drone x2  
  38  3:06  Drone x2  
  38  3:11  Drone x4  
  44  3:18  Overlord  
  44  3:28  Overlord  
  44  3:35  Spore Crawler  
  44  3:36  Overlord  
  44  3:38  Drone x2  
  44  3:41  Drone x4  
  49  3:45  Queen, Extractor  
  51  3:51  Spore Crawler  
  51  3:53  Spore Crawler  
  51  3:55  Spore Crawler  
  48  3:56  Drone  
  48  3:59  Drone x3  
  48  4:00  Drone x2, Spore Crawler  
  48  4:01  Drone  
  55  4:04  Drone  
  55  4:05  Spore Crawler  
  55  4:08  Spore Crawler  
  55  4:10  Drone x3  
  55  4:16  Zergling x6  
  63  4:20  Queen  
  63  4:21  Lair  
  63  4:23  Zergling x2  
  66  4:27  Overlord  
  66  4:28  Overlord  
  66  4:31  Overlord  
  65  4:33  Extractor  
  65  4:34  Extractor  
  65  4:36  Roach Warren  
  65  4:37  Drone  
  63  4:40  Drone x2  
  65  4:46  Overlord  
  65  4:52  Drone x5  
  70  4:56  Drone x6, Evolution Chamber  
  75  5:09  Drone x3  
  78  5:15  Overlord x2  
  78  5:22  Overlord  
  78  5:23  Spore Crawler  
  78  5:24  Overlord  
  78  5:26  Glial Reconstitution  
  77  5:29  Drone x2  
  77  5:30  Extractor  
  77  5:31  Extractor  
  77  5:32  Extractor  
  77  5:34  Drone x2  
  77  5:35  Drone, Zerg Missile Weapons Level 1  
  76  5:37  Overlord  
  76  5:42  Overseer, Hatchery  
  75  5:43  Pneumatized Carapace  
  75  5:45  Drone  
  75  5:48  Overlord  
  76  5:52  Roach x2  
  76  5:53  Roach x5  
  90  5:57  Overseer  
  90  6:02  Drone  
  90  6:03  Drone  
  90  6:13  Drone  
  90  6:14  Drone x4  
  90  6:16  Drone  
  90  6:17  Drone x2  
  96  6:28  Hydralisk Den  
  95  6:34  Drone x5  
  95  6:35  Drone x2  
  95  6:38  Infestation Pit  
  95  6:39  Evolution Chamber  
  99  6:44  Drone x7  
  102  6:58  Drone  
  102  6:59  Drone  
  102  7:00  Overlord  
  98  7:02  Drone x4  
  98  7:03  Drone x2  
  98  7:04  Drone x2  
  106  7:11  Zerg Ground Armor Level 1  
  106  7:13  Extractor, Spore Crawler  
  106  7:15  Extractor  
  103  7:21  Overlord  
  103  7:23  Hive  
  103  7:24  Drone x3, Grooved Spines, Lurker Den  
  103  7:25  Drone  
  103  7:26  Drone x3  
  109  7:35  Roach x8  
  125  7:42  Hydralisk x5  
  135  7:46  Zerg Missile Weapons Level 2  
  135  7:47  Hatchery  
  135  7:51  Hydralisk x3  
  134  7:53  Overlord  
  134  7:54  Overlord  
  140  8:01  Overseer  
  140  8:03  Overlord  
  140  8:04  Overlord x2  
  140  8:06  Drone x6  
  140  8:09  Hydralisk x2  
  150  8:17  Spore Crawler  
  150  8:19  Roach x5  
  159  8:27  Roach x6  
  169  8:36  Spine Crawler  
  169  8:39  Roach x6  
  180  8:42  Lurker x4  
  180  8:45  Seismic Spines  
  183  8:49  Overlord  
  183  8:50  Overlord  
  183  8:54  Overlord  
  183  9:10  Drone x3  
  183  9:11  Drone x2, Extractor x2  
  183  9:12  Drone  
  183  9:16  Lurker x4  
  189  9:28  Roach x14  
  179  9:32  Roach x3  
  134  9:40  Roach x5  

Tags
 
Add a new tag
Caveats
  • Supply blocks, unpowered buildings, or Contaminate may cause inaccurate times.
  • Supply counts are checked every 10 seconds.